 Dungeon Crawl Stone Soup version 0.28.0 (webtiles) character file.

Game seed: 9340380618786512648

125 Deca the Ruffian (level 4, -7/40 HPs)
             Began as a Troll Monk on Feb 13, 2022.
             Was a Believer of Hepliaklqana.
             Mangled by a gnoll (12 damage)
             ... on level 4 of the Dungeon.
             The game lasted 00:06:36 (1950 turns).

Deca the Ruffian (Troll Monk)                       Turns: 1950, Time: 00:06:36

Health: -7/40      AC:  4    Str: 21    XL:     4   Next: 82%
Magic:  3/3        EV: 10    Int:  6    God:    Hepliaklqana [**....]
Gold:   107        SH:  0    Dex: 12    Spells: 3/3 levels left

rFire   . . .      SeeInvis .     - Unarmed
rCold   . . .      Faith    .   (no shield)
rNeg    . . .      Spirit   .   i - +0 robe
rPois   .          Reflect  .   (helmet restricted)
rElec   .          Harm     .   (no cloak)
rCorr   .          Rampage  .   (gloves unavailable)
Will    .....                   (boots unavailable)
Stlth   ++........              (no amulet)
HPRegen 0.93/turn               (no ring)
MPRegen 0.08/turn               (no ring)

@: no status effects
A: reduced essence, large, unfitting armour, claws 3, regeneration 1, shaggy fur
1, tough skin 1
a: Renounce Religion, Ancestor Life: Knight, Ancestor Life: Battlemage, Ancestor
Life: Hexer, Recall Ancestor, Ancestor Identity


You were on level 4 of the Dungeon.
You worshipped Hepliaklqana.
Hepliaklqana was pleased with you.
You visited 1 branch of the dungeon, and saw 4 of its levels.

You collected 107 gold pieces.

Inventory:

Armour
 i - a +0 robe (worn)
Jewellery
 c - an amulet of regeneration
 j - a ring of see invisible
Scrolls
 a - a scroll of identify {unknown}
 b - a scroll of blinking {unknown}
 d - 4 scrolls of teleportation {unknown}
 g - a scroll of immolation {unknown}
Potions
 e - a potion of curing {unknown}
 f - 2 potions of cancellation {unknown}
 h - a potion of resistance {unknown}


   Skills:
 + Level 3.3 Fighting
 + Level 3.3 Dodging
 - Level 1.0 Stealth
 + Level 4.0 Unarmed Combat


You had 3 spell levels left.
You didn't know any spells.
Your spell library contained the following spells:

 Spells                   Type           Power      Damage    Failure   Level
 Gell's Gravitas          Tloc           0%         N/A       83%         3
 Lesser Beckoning         Tloc           0%         N/A       83%         3
 Teleport Other           Tloc           0%         N/A       83%         3


Dungeon Overview and Level Annotations

Branches:
Dungeon (4/15)
 Temple: D:4-7

Altars:
Hepliaklqana


Innate Abilities, Weirdness & Mutations

Your life essence is reduced to manifest your ancestor. (-10% HP)
You are too large for most types of armour.
You have claws for hands.
Your natural rate of healing is unusually fast.
You are covered in fur. (AC +1)
You have tough skin. (AC +1)


Message History

The gnoll closely misses you. x2
You closely miss the gnoll. You claw the gnoll, but do no damage.
You claw the gnoll!
The gnoll is severely wounded.
The gnoll barely misses you.
The gnoll hits you from afar with a +0 halberd!
Agathoclea hits the gnoll.
The gnoll barely misses Agathoclea.
You are too injured to fight recklessly!
You are too injured to fight recklessly!
You are too injured to fight recklessly!
You are too injured to fight recklessly!
The gnoll hits Agathoclea with a +0 whip.
The gnoll closely misses Agathoclea.
Agathoclea hits the gnoll.
The gnoll dies!
The gnoll hits Agathoclea with a +0 flail.
Your Unarmed Combat skill increases to level 4!
The gnoll hits Agathoclea with a +0 flail.
Agathoclea hits the gnoll.
The gnoll barely misses you.
Agathoclea hits the gnoll.
The gnoll hits Agathoclea with a +0 flail!
Agathoclea is destroyed!
The gnoll hits you with a +0 halberd.
You are too injured to fight recklessly!
You are too injured to fight recklessly!
You are too injured to fight recklessly!
You are too injured to fight recklessly!
You are too injured to fight recklessly!
You scratch the gnoll but do no damage.
The gnoll is moderately wounded.
The gnoll hits you with a +0 halberd!
* * * LOW HITPOINT WARNING * * *
The gnoll hits you with a +0 flail!
* * * LOW HITPOINT WARNING * * *
You claw the gnoll!
You kill the gnoll!
The gnoll closely misses you.
You scratch the gnoll.
The gnoll is moderately wounded.
The gnoll hits you with a +0 halberd!
You die...

#.......
###...... w
......|. ..
###.#....###...
#.... ........
#.#.###....#
###.#..gw....#...
#.....@).......(.
#.#.#.#).........
.......<.........
#.#.#.##.#...#...
#.......$....# ..
####..##.##...# #
...##.# .....
##.###.# .#.##
..# ..


You could see a worm and a gnoll.

Vanquished Creatures
  2 gnolls (D:4)
  An adder (D:2)
  A shadow imp (D:3)
  A worm (D:3)
  4 dart slugs (D:1)
  3 orcs (D:3)
  2 ball pythons
  4 endoplasms
  4 giant cockroaches
  6 goblins
  6 hobgoblins
  A kobold (D:1)
  5 quokkas (D:1)
  10 bats
  3 frilled lizards (D:1)
  9 rats
  A spectral orc (D:3)
63 creatures vanquished.

Vanquished Creatures (collateral kills)
  A gnoll (D:4)
1 creature vanquished.

Vanquished Creatures (others)
  An ancestor (D:4)
1 creature vanquished.

Grand Total: 65 creatures vanquished

Notes
Turn   | Place    | Note
-------+----------+-------------------------------------------
     0 | D:1      | Deca the Troll Monk began the quest for the Orb.
     0 | D:1      | Reached XP level 1. HP: 22/22 MP: 0/0
    31 | D:1      | Reached XP level 2. HP: 29/29 MP: 1/1
   343 | D:1      | Reached XP level 3. HP: 36/36 MP: 2/2
  1034 | D:3      | Reached XP level 4. HP: 45/45 MP: 3/3
  1401 | D:3      | Found a faded altar of an unknown god.
  1680 | D:3      | Found a hazy altar of Hepliaklqana.
  1696 | D:3      | Became a worshipper of Hepliaklqana the Forgotten
  1696 | D:3      | Reached * piety under Hepliaklqana
  1696 | D:3      | Reached ** piety under Hepliaklqana
  1945 | D:4      | Reached skill level 4 in Unarmed Combat
  1950 | D:4      | Mangled by a gnoll

Illustrated notes

Levels and vault maps discovered:
D:1:      dpeg_arrival_boxes_within_box, layout_loops_ring, st_stairs_12
D:2:      layout_basic
D:3:      layout_basic, nicolae_hepliaklqana_monster_ancestors,
          chequers_ecumenical_altar_island
D:4:      layout_basic, hangedman_decor_clover_reticule

Skill      XL: |  1  2  3  4 |
---------------+-------------+-----
Fighting       | 3 |  3.3
Dodging        | 3 |  3.3
Unarmed Combat | 4 |  4.0
Stealth        | |  1.0

Action                   |  1- 3 |  4- 6 || total
-------------------------+-------+-------++-------
Melee: Unarmed           |   117 |    44 ||   161
       Punch             |     1 |     2 ||     3
 Stab: Sleeping          |     6 |     2 ||     8
Armor: Robe              |    31 |    12 ||    43
Dodge: Dodged            |    56 |    26 ||    82
